 Dungeon Crawl Stone Soup version 0.30-a0-989-g0d87f670db (webtiles) character file.

Game seed: 5098611485084768645

1635093 juan097 the Bringer of Light (level 27, 225/225 HPs)
             Began as a Gnoll Fighter on Apr 2, 2023.
             Was the Champion of the Shining One.
             Escaped with the Orb
             ... and 3 runes on Apr 3, 2023!
             The game lasted 04:38:37 (73783 turns).

juan097 the Bringer of Light (Gnoll Fighter)       Turns: 73783, Time: 04:38:38

Health: 225/225    AC: 43    Str: 35    XL:     27
Magic:  32/32      EV: 16    Int: 15    God:    the Shining One [******]
Gold:   2747       SH: 20    Dex: 16    Spells: 36/64 levels left

rFire   + + +      SeeInvis +    a - +9 eveningstar (freeze)
rCold   + + .      Faith    .    H - +4 kite shield of the Ladybird {rElec Dex+2}
rNeg    + + +      Spirit   .    t - +8 gold dragon scales
rPois   +          Reflect  .    r - +0 helmet of Terph {rElec Slay+3}
rElec   +          Rampage  .    v - +2 cloak {rCorr}
rCorr   +          Clarity  +    z - +1 pair of gloves of Untruth {Will+ Int+2}
Will    +++..                    e - +2 pair of boots Stlth
                                 p - amulet "Ufrainio" {Acrobat Drain Fly rF+ rC+ Str+4}
HPRegen 0.57/turn                i - ring of Xomiaget {rF+ Int+4}
MPRegen 0.23/turn                O - ring "Wasiama" {MP-9 Str+3 Dex+2 Slay+3 SInv, =R}

@: flying, glowing
A: fangs 1, strong nose, distributed training, clarity, low MP 1, screaming 1
0: Orb of Zot
}: 3/15 runes: decaying, serpentine, silver
a: Renounce Religion, Divine Shield, Cleansing Flame, Summon Divine Warrior,
Brand Weapon With Holy Wrath


You escaped.
You worshipped the Shining One.
The Shining One was exalted by your worship.
You visited 9 branches of the dungeon, and saw 47 of its levels.
You also visited: Trove, Bailey, Gauntlet and Desolation.

You collected 8754 gold pieces.
You spent 6007 gold pieces at shops.

Inventory:

Hand Weapons
 a - a +9 eveningstar of freezing (weapon)
 b - the +11 flail of the Toadstool {heavy, rElec rPois rF+}
   (You found it on level 3 of the Swamp)

   rF:        It protects you from fire.
   rElec:     It insulates you from electricity.
   rPois:     It protects you from poison.
 w - a +4 broad axe of protection
Missiles
 h - a silver javelin
 u - 6 throwing nets
 y - 10 boomerangs (quivered)
 N - 2 datura-tipped darts
 R - a curare-tipped dart
 Y - 13 javelins
Armour
 e - a +2 pair of boots (worn)
 r - the +0 helmet of Terph (worn) {rElec Slay+3}
   (You found it on level 3 of the Swamp)

   Slay:      It affects your accuracy & damage with ranged weapons and melee
   (+3).
   rElec:     It insulates you from electricity.
 t - +8 gold dragon scales (worn)
 v - a +2 cloak of preservation (worn)
 z - the +1 pair of gloves of Untruth (worn) {Will+ Int+2}
   (You took it off Nikola on level 3 of the Elven Halls)

   Int:       It affects your intelligence (+2).
   Will:      It increases your willpower.
 H - the +4 kite shield of the Ladybird (worn) {rElec Dex+2}
   (You found it on level 13 of the Dungeon)

   Dex:       It affects your dexterity (+2).
   rElec:     It insulates you from electricity.
Jewellery
 i - the ring of Xomiaget (left hand) {rF+ Int+4}
   (You found it in a treasure trove)

   [ring of protection from fire]

   Int:       It affects your intelligence (+4).
   rF:        It protects you from fire.
 k - the ring of Equivalence {rC+ Str+6 Int+3}
   (You found it in a treasure trove)

   [ring of strength]

   Str:       It affects your strength (+6).
   Int:       It affects your intelligence (+3).
   rC:        It protects you from cold.
 p - the amulet "Ufrainio" (around neck) {Acrobat Drain Fly rF+ rC+ Str+4}
   (You found it in the Desolation of Salt)

   [amulet of the acrobat]

   It increases your evasion while moving and waiting.
   Str:       It affects your strength (+4).
   rF:        It protects you from fire.
   rC:        It protects you from cold.
   Fly:       It grants you flight.
   Drain:     It drains your maximum health when unequipped.
 F - a ring of willpower
 O - the ring "Wasiama" (right hand) {MP-9 Str+3 Dex+2 Slay+3 SInv, =R}
   (You took it off a gnoll bouda in a bailey)

   [ring of see invisible]

   Str:       It affects your strength (+3).
   Dex:       It affects your dexterity (+2).
   Slay:      It affects your accuracy & damage with ranged weapons and melee
   (+3).
   MP:        It affects your magic capacity (-9).
   SInv:      It lets you see invisible.
 W - the ring of Asismuwk {rCorr Str+4 Int+3}
   (You found it in a treasure trove)

   [ring of resist corrosion]

   Str:       It affects your strength (+4).
   Int:       It affects your intelligence (+3).
   rCorr:     It protects you from acid and corrosion.
Wands
 c - a wand of iceblast (38)
 E - a wand of paralysis (31)
 G - a wand of quicksilver (10)
 V - a wand of digging (31)
Scrolls
 g - 2 scrolls of magic mapping
 j - 7 scrolls of blinking
 l - 11 scrolls of poison
 q - 6 scrolls of fog
 x - 4 scrolls of silence
 D - 3 scrolls of butterflies
 S - 19 scrolls of teleportation
Potions
 d - 5 potions of might
 m - 4 potions of haste
 n - 12 potions of heal wounds
 o - 8 potions of mutation
 s - 3 potions of resistance
 B - 11 potions of lignification
 J - a potion of ambrosia
 L - 10 potions of attraction
 M - 10 potions of curing
 T - 2 potions of berserk rage
 X - 3 potions of cancellation
Miscellaneous
 f - a phantom mirror
 A - a tin of tremorstones (2/2)
 I - a lightning rod (4/4)
 Q - a condenser vane
 Z - a phial of floods


   Skills:
 + Level 20.3 Fighting
 + Level 19.4 Short Blades
 + Level 19.4 Long Blades
 + Level 19.9 Axes
 + Level 19.4 Maces & Flails
 + Level 19.4 Polearms
 + Level 19.4 Staves
 + Level 19.4 Ranged Weapons
 + Level 19.4 Throwing
 + Level 20.3 Armour
 + Level 19.4 Dodging
 + Level 19.4 Stealth
 + Level 20.3 Shields
 + Level 19.4 Unarmed Combat
 + Level 19.4 Spellcasting
 + Level 16.6 Conjurations
 + Level 16.6 Hexes
 + Level 16.6 Summonings
 + Level 16.6 Necromancy
 + Level 16.6 Translocations
 + Level 16.6 Transmutations
 + Level 16.6 Fire Magic
 + Level 16.6 Ice Magic
 + Level 16.6 Air Magic
 + Level 16.6 Earth Magic
 + Level 16.6 Poison Magic
 + Level 21.0 Invocations
 + Level 19.4 Evocations


You had 36 spell levels left.
You knew the following spells:

 Your Spells              Type           Power      Damage    Failure   Level
a - Passwall              Tmut/Erth      49%        N/A       1%          2
b - Vhi's Electric Charg  Tloc/Air       100%       N/A       1%          3
c - Confusing Touch       Hex            59%        N/A       1%          3
d - Summon Guardian Gole  Hex/Summ       59%        N/A       1%          3
e - Passage of Golubria   Tloc           59%        N/A       1%          4
f - Yara's Violent Unrav  Hex/Tmut       29%        3d12      1%          5
g - Summon Mana Viper     Hex/Summ       59%        N/A       1%          5
h - Ignite Poison         Fire/Tmut/Pois 59%        N/A       1%          3

Your spell library contained the following spells:

 Spells                   Type           Power      Damage    Failure   Level
 Kiss of Death            Conj/Necr      100%       2d13      1%          1
 Necrotise                Necr           100%       1d9       1%          1
 Sandblast                Erth           100%       2d20      1%          1
 Slow                     Hex            100%       N/A       1%          1
 Sting                    Tmut/Pois      100%       1d8       1%          1
 Summon Small Mammal      Summ           100%       N/A       1%          1
 Cigotuvi's Dreadful Rot  Necr/Pois/Air  100%       N/A       1%          2
 Ensorcelled Hibernation  Hex/Ice        100%       N/A       1%          2
 Poisonous Vapours        Pois/Air       100%       N/A       1%          2
 Scorch                   Fire           100%       2d10      1%          2
 Sublimation of Blood     Necr           59%        N/A       1%          2
 Call Canine Familiar     Summ           59%        N/A       1%          3
 Dazzling Flash           Conj/Hex       100%       N/A       1%          3
 Hailstorm                Conj/Ice       59%        3d13      1%          3
 Inner Flame              Hex/Fire       59%        N/A       1%          3
 Kindle Blastsparks       Fire/Tloc/Air  100%       2d18      1%          3
 Spider Form              Tmut/Pois      59%        N/A       1%          3
 Stone Arrow              Conj/Erth      100%       3d13      1%          3
 Tukima's Dance           Hex            59%        N/A       1%          3
 Vampiric Draining        Necr           59%        2d10      1%          3
 Anguish                  Hex/Necr       29%        N/A       1%          4
 Animate Armour           Summ/Erth      100%       N/A       1%          4
 Flame Wave               Conj/Fire      59%        2d14      1%          4
 Ice Form                 Ice/Tmut       59%        N/A       1%          4
 Leda's Liquefaction      Hex/Erth       29%        N/A       1%          4
 Olgreb's Toxic Radiance  Pois           59%        N/A       1%          4
 Sticky Flame             Conj/Fire      59%        2d7       1%          4
 Summon Ice Beast         Ice/Summ       59%        N/A       1%          4
 Summon Lightning Spire   Summ/Air       59%        N/A       1%          4
 Agony                    Necr           59%        N/A       1%          5
 Alistair's Intoxication  Tmut/Pois      39%        N/A       1%          5
 Arcjolt                  Conj/Air       29%        1d39      1%          5
 Blade Hands              Tmut           29%        N/A       1%          5
 Fireball                 Conj/Fire      29%        3d13      1%          5
 Lee's Rapid Deconstruct  Erth           29%        3d15*     1%          5
 Silence                  Hex/Air        29%        N/A       1%          5
 Summon Forest            Summ/Tloc      29%        N/A       1%          5
 Conjure Ball Lightning   Conj/Air       29%        3x3d8     6%          6
 Eringya's Noxious Bog    Tmut/Pois      29%        N/A       6%          6
 Iron Shot                Conj/Erth      29%        9d6       6%          6
 Simulacrum               Ice/Necr       29%        N/A       6%          6
 Statue Form              Tmut/Erth      39%        N/A       6%          6
 Summon Cactus Giant      Summ           29%        N/A       6%          6
 Malign Gateway           Summ/Tloc      29%        N/A       32%         7
 Monstrous Menagerie      Summ           29%        N/A       32%         7
 Orb of Destruction       Conj           29%        9d9       32%         7
 Spellforged Servitor     Conj/Summ      29%        N/A       32%         7
 Storm Form               Tmut/Air       29%        N/A       32%         7
 Summon Hydra             Summ           29%        N/A       32%         7
 Discord                  Hex            29%        N/A       95%         8
 Ignition                 Fire           29%        3d9       95%         8
 Maxwell's Capacitive Co  Air            29%        ∞         95%         8
 Summon Horrible Things   Summ           29%        N/A       95%         8
 Chain Lightning          Conj/Air       29%        3d39      100%        9
 Dragon's Call            Summ           29%        N/A       100%        9
 Shatter                  Erth           29%        3d24*     100%        9


Dungeon Overview and Level Annotations

Branches:
Dungeon (15/15)            Temple (0/1) D:6            Lair (5/5) D:10
  Swamp (4/4) Lair:3        Snake (4/4) Lair:2        Slime (0/5) Lair:4
    Orc (2/2) D:9             Elf (3/3) Orc:2        Vaults (5/5) D:14
  Crypt (0/3) Vaults:3     Depths (4/4) D:15            Zot (5/5) Depths:4
 Bailey (visited)         Desolation (visited)      Gauntlet (visited)

Altars:
Dithmenos
Gozag
Nemelex Xobeh
Ru
Sif Muna
Uskayaw
Zin
The Shining One

Shops:
D:1 :   D:7 (   Orc:2 [(:?   Snake:1 *   Snake:4 =::   Vaults:1 [
Vaults:2 :[[?!   Vaults:3 *   Vaults:5 [[??!???   Zot:1 *   Depths:1 (*

Portals:
Hell: Depths:1 Depths:2 Depths:3 Depths:4
Abyss: Depths:1 Depths:3
Pandemonium: Depths:1 Depths:2 Depths:3
Ziggurat: Depths:3

Annotations:
D:5 1 runed translucent door, 2 transporters, Crazy Yiuf
Swamp:3 1 runed translucent door, Voejil's ghost, journeyman MiFi
Swamp:4 Bipt's ghost, adept TrDe


Innate Abilities, Weirdness & Mutations

You have very sharp teeth.
Your uncanny sense of smell can sniff out nearby items.
Your experience applies equally to all skills.
You possess an exceptional clarity of mind.
Your magical capacity is low. (-10% MP)
You occasionally shout uncontrollably at your foes.


Message History

You fly upwards.
There is a stone staircase leading down here.
You see here 7 stones.
An Orb Guardian comes into view.
The Orb Guardian completely misses you.
There is a stone staircase leading up here.
You impale the Orb Guardian!! You freeze the Orb Guardian.
The Orb Guardian is heavily wounded.
The Orb Guardian hits you!
You completely miss the Orb Guardian.
The Orb Guardian is moderately wounded.
You block the Orb Guardian's attack.
You puncture the Orb Guardian! You freeze the Orb Guardian.
The Orb Guardian is heavily wounded.
You block the Orb Guardian's attack.
You bludgeon the Orb Guardian!! You freeze the Orb Guardian!
You kill the Orb Guardian!
No target in view!
No target in view!
You fly upwards.
There is a stone staircase leading down here.
(D) Dungeon (T) Temple (L) Lair (S) Swamp (P) Snake Pit (M) Slime Pits (O) Orcish Mines (E) Elven Halls (V) Vaults (C) Crypt (U) Depths (H) Hell (Z) Zot
Where to? (Enter - D:1, ? - help)
What level of the Dungeon? (default 1, ? - help)
Things that are here:
a +0 dagger; a goblin skeleton
There is an open door here.
HP restored.
There is a stone staircase leading up here.
You fly upwards.
There is a stone staircase leading down here.
There is a stone staircase leading up here.
You fly upwards.
There is a stone staircase leading down here.
You see here a +0 robe.
There is a staircase leading out of the dungeon here.
You have escaped!

############
#≈≈≈≈≈≈≈≈≈≈≈≈≈≈≈≈
#~~≈≈≈~≈≈≈≈≈≈≈≈≈≈
#~~~~~~~≈~~≈≈≈≈≈≈
#~~~.~~~.~≈≈≈≈≈≈≈
#.....~~~~~~~≈≈≈≈
##......~.~~~~≈≈≈# ####
#.......~~.~~≈≈≈# ...#
##.......@.~~.~≈≈# ##.##
#....8.....~~~≈≈≈# #...##
#...........~~~~≈#
.....###...........~..~≈#
......#.............~~~≈#
.....##.............~~≈≈#
#...#........8.).....~~≈#
##.#......8.....8...~~≈≈#
#.#......).....###..~≈≈#


There were no monsters in sight!

Vanquished Creatures
  2 ancient liches (Zot:5)
  7 dread liches
  6 orbs of fire
  Mara (Vaults:3)
  7 Killer Klowns
  Saint Roka (Orc:2)
  Vashnia (Snake:4)
  2 pandemonium lords
  A curse toe (Zot:1)
  5 caustic shrikes (Depths:4)
  8 golden dragons
  Nikola (Elf:3)
  Jory (Vaults:2)
  A golden dragon (shapeshifter) (Vaults:4)
  2 Tzitzimimeh
  3 electric golems
  Jorgrun (D:13)
  Rupert (D:14)
  27 Orb Guardians
  Mlioglotl (Snake:3)
  Zenata (Vaults:2)
  An Ice Fiend (D:6)
  A lich (Depths:1)
  25 tentacled monstrosities
  Asterion (Snake:2)
  5 titans
  2 deep elf blademasters (Elf:3)
  A walking divine tome (Depths:4)
  8 quicksilver dragons
  Gastronok (D:10)
  4 deep elf master archers (Elf:3)
  6 sphinxes
  16 death cobs
  Frances (Swamp:2)
  Kirke (Snake:3)
  Agnes (Elf:2)
  7 tengu reavers
  18 storm dragons
  A fenstrider witch (Swamp:3)
  14 shadow dragons
  3 draconian monks
  3 nagarajas
  2 iron dragons (Depths:3)
  7 draconian knights
  25 vault wardens
  4 imperial myrmidons
  7 deep elf sorcerers
  8 frost giants
  Aizul (Vaults:3)
  5 draconian shifters
  4 fire giants
  A balrug (Depths:1)
  A ghost moth (Zot:5)
  An angel (Depths:3)
  2 orc warlords
  3 ghouls (Swamp:3)
  2 draconian stormcallers
  A broodmother (shapeshifter) (Elf:1)
  7 deep elf elementalists
  10 draconian scorchers
  A cacodemon (Depths:4)
  4 draconian annihilators
  17 ironbound preservers
  2 spriggan defenders (Depths:2)
  A reaper (D:15)
  3 war gargoyles
  3 vampire knights
  44 very ugly things
  8 ironbound thunderhulks
  17 stone giants
  Azrael (Elf:1)
  14 green draconians
  6 dire elephants
  A minotaur (Gauntlet)
  5 eleionomae
  16 white draconians
  A halazid warlock (Desolation)
  10 deep elf demonologists
  12 red draconians
  12 deep elf annihilators
  8 purple draconians
  5 black draconians
  4 bunyips
  7 spark wasps
  9 yellow draconians
  9 deep elf death magi
  11 ettins
  Josephine (D:10)
  7 ragged hierophants
  2 shambling mangroves
  4 deep elf high priests (Elf:3)
  7 great orbs of eyes
  14 yaktaur captains
  8 fire dragons
  2 entropy weavers
  32 vault guards
  4 rakshasas
  5 servants of whispers (Desolation)
  16 hydras
  7 ice dragons
  3 ogre magi
  8 centaur warriors
  3 salamander tyrants
  2 hell beasts
  Erica (D:8)
  5 peacekeepers (Desolation)
  12 anacondas
  A ghost crab (Swamp:3)
  14 ironbound frosthearts
  3 spriggan air magi
  4 catoblepae (Lair:5)
  14 naga warriors
  32 dancing weapons
  6 two-headed ogres
  9 tengu warriors
  9 death yaks
  5 deep troll earth magi
  12 deep troll shamans
  A death knight (D:14)
  7 boulder beetles
  5 alligators
  8 shock serpents
  9 naga sharpshooters
  Urug (Lair:1)
  A shock serpent (shapeshifter) (Vaults:4)
  5 spriggan berserkers
  2 vampire magi
  18 deep elf knights
  A sun demon (Depths:1)
  Nergalle (D:10)
  Amaemon (Lair:1)
  14 hell knights
  A fire crab (Gauntlet)
  A soul eater (Vaults:3)
  A skyshark (Lair:2)
  A skeletal warrior (D:13)
  A fire crab (shapeshifter) (Vaults:5)
  10 salamander mystics
  A sea snake (shapeshifter) (D:15)
  13 iron trolls
  A death drake (Swamp:4)
  A flayed ghost (Vaults:5)
  11 goliath frogs
  2 sixfirhies
  4 bog bodies
  6 swamp dragons
  4 glowing orange brains
  4 spriggan druids
  17 ironbound convokers
  52 deep trolls
  2 sea snakes (Snake:1)
  7 naga ritualists
  10 wizards
  2 glowing orange brains (shapeshifter)
  6 orc knights
  10 deep elf archers
  A mana viper (shapeshifter) (Vaults:4)
  12 lindwurms
  24 deep elf zephyrmancers
  29 deep elf pyromancers
  3 harpies (Vaults:2)
  4 necromancers
  4 orc sorcerers (Orc:2)
  5 mana vipers
  8 phantasmal warriors
  48 ugly things
  5 will-o-the-wisps
  3 cyclopes
  A cyclops (shapeshifter) (Vaults:4)
  5 manticores
  16 elephants
  29 moths of wrath
  31 salamanders
  A torpor snail (Lair:5)
  5 guardian serpents
  8 naga magi
  An orange demon (Lair:1)
  A smoke demon (Depths:1)
  24 vault sentinels
  2 rust devils
  41 black mambas
  3 molten gargoyles (Desolation)
  A gargoyle (D:14)
  An efreet (D:15)
  An unseen horror (D:13)
  Maggie (D:8)
  57 yaktaurs
  12 cane toads
  2 kobold demonologists
  5 tengu conjurers
  6 komodo dragons
  2 rime drakes (Lair:5)
  7 freezing wraiths
  A yaktaur (shapeshifter) (Depths:2)
  8 tyrant leeches
  A meliai (D:13)
  6 trolls
  4 bloated husks
  A queen bee (shapeshifter) (D:15)
  27 hornets
  Prince Ribbit (D:5)
  A blink frog (shapeshifter) (Vaults:5)
  39 saltlings
  9 dream sheep
  16 blink frogs
  A culicivora (shapeshifter) (Elf:1)
  2 air elementals (Elf:1)
  A culicivora (Vaults:2)
  A jumping spider (shapeshifter) (D:13)
  4 water elementals
  12 slime creatures
  20 spriggans
  A hog (Snake:4)
  5 wyverns
  16 humans (D:14)
  12 fire bats
  9 wraiths
  47 yaks
  2 vampires
  3 basilisks
  5 fire elementals
  Grum (Bailey)
  A steam dragon (D:6)
  A redback (shapeshifter) (Vaults:1)
  2 redbacks (Vaults:2)
  2 swamp worm simulacra (Swamp:4)
  9 vampire mosquitoes
  10 swamp worms
  44 nagas
  7 wargs
  2 acid dragons
  26 water moccasins
  7 hell hounds
  16 hydra simulacra (Swamp:4)
  Duvessa (D:5)
  A floating eye (shapeshifter) (Vaults:5)
  32 orc warriors
  A floating eye (Depths:2)
  3 swamp drakes
  A black bear (D:10)
  11 ogres
  9 wolves
  7 centaurs
  2 phantoms
  3 kobold brigands
  10 bullfrogs
  A necrophage (Swamp:3)
  9 gnoll sergeants
  3 earth elementals
  5 scorpions
  3 wights (D:6)
  Dowan (D:5)
  6 killer bees (D:10)
  3 howler monkeys
  3 electric eels (Snake:1)
  7 jellies
  23 orc priests
  7 gnoll boudas
  7 hounds
  30 orc wizards
  7 hell rats (Lair:5)
  35 gnolls
  11 adders
  A shadow imp (D:6)
  2 white imps
  4 ufetubi (Gauntlet)
  6 swamp drake simulacra (Swamp:4)
  2 worms
  A worm (shapeshifter) (Vaults:5)
  3 dart slugs
  126 orcs
  5 endoplasms
  3 giant cockroaches
  9 goblins
  8 hobgoblins
  15 jackals
  25 kobolds
  5 quokkas
  15 ball pythons
  5 bats
  4 frilled lizards
  4 rats
  A fire vortex (Depths:2)
2294 creatures vanquished.

Vanquished Creatures (collateral kills)
  A vault warden (Vaults:4)
  A great orb of eyes (Vaults:4)
  2 vault guards (Vaults:5)
  3 vault sentinels (Vaults:4)
  A yaktaur (Vaults:4)
8 creatures vanquished.

Vanquished Creatures (others)
  An ancient lich (Zot:5)
  A deep elf annihilator (Elf:1)
  A bloated husk (Swamp:1)
  A saltling (Desolation)
  A human (Snake:4)
  A naga (Snake:3)
  A hell hound (Elf:1)
  A kobold brigand (D:12)
  3 orcs
  A kobold (D:12)
  2 bushes (Lair:1)
  16 foxfires
  68 fungi
  75 plants
  5 toadstools (D:13)
178 creatures vanquished.

Grand Total: 2480 creatures vanquished

Notes
Turn   | Place    | Note
-------+----------+-------------------------------------------
     0 | D:1      | juan097 the Gnoll Fighter began the quest for the Orb.
     0 | D:1      | Reached XP level 1. HP: 23/23 MP: 1/1
   126 | D:1      | Reached XP level 2. HP: 29/29 MP: 2/2
   409 | D:1      | Reached XP level 3. HP: 35/35 MP: 3/3
   495 | D:1      | Found Jaikux's Book Emporium.
   498 | D:1      | Reached skill level 1 in Invocations
   820 | D:2      | Reached skill level 1 in Short Blades
   820 | D:2      | Reached skill level 1 in Long Blades
   820 | D:2      | Reached skill level 1 in Maces & Flails
   820 | D:2      | Reached skill level 1 in Polearms
   820 | D:2      | Reached skill level 1 in Staves
   820 | D:2      | Reached skill level 1 in Ranged Weapons
   820 | D:2      | Reached skill level 1 in Throwing
   820 | D:2      | Reached skill level 1 in Dodging
   820 | D:2      | Reached skill level 1 in Stealth
   820 | D:2      | Reached skill level 1 in Unarmed Combat
   820 | D:2      | Reached skill level 1 in Spellcasting
   820 | D:2      | Reached skill level 1 in Evocations
  1027 | D:2      | Reached XP level 4. HP: 41/41 MP: 5/5
  1255 | D:2      | Reached skill level 1 in Conjurations
  1255 | D:2      | Reached skill level 1 in Hexes
  1255 | D:2      | Reached skill level 1 in Summonings
  1255 | D:2      | Reached skill level 1 in Necromancy
  1255 | D:2      | Reached skill level 1 in Translocations
  1255 | D:2      | Reached skill level 1 in Transmutations
  1255 | D:2      | Reached skill level 1 in Fire Magic
  1255 | D:2      | Reached skill level 1 in Ice Magic
  1255 | D:2      | Reached skill level 1 in Air Magic
  1255 | D:2      | Reached skill level 1 in Earth Magic
  1255 | D:2      | Reached skill level 1 in Poison Magic
  1588 | D:3      | Found a faded altar of an unknown god.
  1596 | D:3      | Found a shadowy altar of Dithmenos.
  1604 | D:3      | Found a sparkling altar of Nemelex Xobeh.
  1625 | D:3      | Found a hide-covered altar of Uskayaw.
  1627 | D:3      | Found a glowing golden altar of the Shining One.
  1858 | D:3      | Reached XP level 5. HP: 47/47 MP: 5/7
  1969 | D:3      | Found a faded altar of an unknown god.
  1988 | D:3      | Prayed at the altar of an unknown god.
  1988 | D:3      | Became a worshipper of the Shining One
  1988 | D:3      | Reached * piety under the Shining One
  2765 | D:4      | Reached skill level 2 in Invocations
  2765 | D:4      | Reached XP level 6. HP: 53/53 MP: 8/8
  2860 | D:4      | Reached skill level 5 in Axes
  3069 | D:4      | Found a shimmering blue altar of Sif Muna.
  3214 | D:4      | Reached ** piety under the Shining One
  3356 | D:5      | Entered Level 5 of the Dungeon
  3399 | D:5      | Reached XP level 7. HP: 60/60 MP: 10/10
  3399 | D:5      | Noticed Dowan
  3428 | D:5      | Killed Dowan
  3495 | D:5      | Reached skill level 3 in Invocations
  3590 | D:5      | Found a runed translucent door.
  3591 | D:5      | Noticed Crazy Yiuf
  3810 | D:5      | Found a transporter.
  3817 | D:5      | Noticed Duvessa
  3830 | D:5      | Killed Duvessa
  3831 | D:5      | Reached XP level 8. HP: 43/67 MP: 12/12
  3914 | D:5      | Found a transporter.
  4094 | D:5      | Noticed Prince Ribbit
  4110 | D:5      | Killed Prince Ribbit
  4781 | D:6      | Reached skill level 4 in Invocations
  4975 | D:6      | Found an opulent altar of Gozag.
  5038 | D:6      | Reached XP level 9. HP: 62/73 MP: 14/14
  5138 | D:6      | Found a staircase to the Ecumenical Temple.
  5349 | D:7      | Noticed a troll
  5362 | D:7      | Killed a troll
  5648 | D:7      | Found Tiup's Antique Weapon Boutique.
  5666 | D:7      | Bought a polished morningstar for 252 gold pieces
  5666 | D:7      | Identified the +1 morningstar of Quantum Leap {freeze,
                  | Will+} (You bought it in a shop on level 7 of the Dungeon)
  5754 | D:7      | Reached *** piety under the Shining One
  5755 | D:7      | Reached skill level 5 in Invocations
  5997 | D:8      | Noticed Erica
  6006 | D:8      | Killed Erica
  6007 | D:8      | Reached skill level 5 in Short Blades
  6007 | D:8      | Reached skill level 5 in Long Blades
  6007 | D:8      | Reached skill level 5 in Maces & Flails
  6007 | D:8      | Reached skill level 5 in Polearms
  6007 | D:8      | Reached skill level 5 in Staves
  6007 | D:8      | Reached skill level 5 in Ranged Weapons
  6007 | D:8      | Reached skill level 5 in Throwing
  6007 | D:8      | Reached skill level 5 in Dodging
  6007 | D:8      | Reached skill level 5 in Stealth
  6007 | D:8      | Reached skill level 5 in Unarmed Combat
  6007 | D:8      | Reached skill level 5 in Spellcasting
  6007 | D:8      | Reached skill level 5 in Evocations
  6007 | D:8      | Reached XP level 10. HP: 79/81 MP: 15/17
  6191 | D:8      | Noticed Maggie
  6206 | D:8      | Killed Maggie
  6754 | D:9      | Reached skill level 6 in Invocations
  7021 | D:9      | Found a staircase to the Orcish Mines.
  7232 | D:9      | Noticed a two-headed ogre
  7241 | D:9      | Killed a two-headed ogre
  7428 | D:9      | Reached **** piety under the Shining One
  7791 | D:10     | Entered Level 10 of the Dungeon
  7791 | D:10     | Noticed Josephine
  7809 | D:9      | Reached skill level 5 in Conjurations
  7809 | D:9      | Reached skill level 5 in Hexes
  7809 | D:9      | Reached skill level 5 in Summonings
  7809 | D:9      | Reached skill level 5 in Necromancy
  7809 | D:9      | Reached skill level 5 in Translocations
  7809 | D:9      | Reached skill level 5 in Transmutations
  7809 | D:9      | Reached skill level 5 in Fire Magic
  7809 | D:9      | Reached skill level 5 in Ice Magic
  7809 | D:9      | Reached skill level 5 in Air Magic
  7809 | D:9      | Reached skill level 5 in Earth Magic
  7809 | D:9      | Reached skill level 5 in Poison Magic
  7816 | D:9      | Reached XP level 11. HP: 61/89 MP: 20/20
  7984 | D:10     | Killed Josephine
  8037 | D:10     | Reached skill level 7 in Invocations
  8083 | D:10     | Found a staircase to the Lair.
  8107 | D:10     | Found a flagged portal.
  8116 | D:10     | Identified the +4 sling of Lirix {drain, Str+2 SInv}
  8130 | Bailey   | Entered a bailey
  8445 | Bailey   | Reached ***** piety under the Shining One
  8629 | Bailey   | Identified the ring "Wasiama" {MP-9 Str+3 Dex+2 Slay+3
                  | SInv}
  8636 | Bailey   | Noticed Grum
  8647 | Bailey   | Killed Grum
  9087 | D:10     | Noticed a boulder beetle
  9102 | D:10     | Killed a boulder beetle
  9145 | D:10     | Noticed Nergalle
  9150 | D:10     | Noticed Gastronok
  9156 | D:10     | Noticed a spectral orc warlord
  9157 | D:10     | Killed Nergalle
  9182 | D:10     | Killed Gastronok
  9648 | Lair:1   | Entered Level 1 of the Lair of Beasts
  9663 | Lair:1   | Reached XP level 12. HP: 97/97 MP: 13/22
  9686 | Lair:1   | Noticed Amaemon
  9785 | Lair:1   | Reached skill level 8 in Invocations
  9835 | Lair:1   | Killed Amaemon
  9847 | Lair:1   | Reached skill level 10 in Fighting
  9847 | Lair:1   | Reached skill level 10 in Armour
  9847 | Lair:1   | Reached skill level 10 in Shields
  9986 | Lair:1   | Noticed Urug
 10405 | Lair:1   | Killed Urug
 10902 | Lair:2   | Noticed a seven-headed hydra
 10918 | Lair:2   | Killed a one-headed hydra
 10940 | Lair:2   | Identified the +8 chain mail "Qiezxol" {Harm Int+4 Stlth+}
 10978 | Lair:2   | Found a gate leading to a gauntlet.
 11012 | Gauntlet | Entered a Gauntlet
 11012 | Gauntlet | Found a large runed translucent door.
 11012 | Gauntlet | Found a large runed translucent door.
 11012 | Gauntlet | Found a large runed translucent door.
 11012 | Gauntlet | Found a large runed translucent door.
 11012 | Gauntlet | Found a large runed translucent door.
 11012 | Gauntlet | Found a large runed translucent door.
 11012 | Gauntlet | Found a runed translucent door.
 11012 | Gauntlet | Found a transporter.
 11012 | Gauntlet | Found a transporter.
 11012 | Gauntlet | Found a runed translucent door.
 11012 | Gauntlet | Found a large runed translucent door.
 11012 | Gauntlet | Found a large runed translucent door.
 11012 | Gauntlet | Found a large runed translucent door.
 11012 | Gauntlet | Found a large runed translucent door.
 11012 | Gauntlet | Found a large runed translucent door.
 11012 | Gauntlet | Found a large runed translucent door.
 11016 | Gauntlet | Found a transporter.
 11016 | Gauntlet | Found a transporter.
 11040 | Gauntlet | Found a transporter.
 11040 | Gauntlet | Noticed a catoblepas
 11050 | Gauntlet | Found a transporter.
 11050 | Gauntlet | Found a transporter.
 11054 | Gauntlet | Noticed a cacodemon
 11056 | Gauntlet | Found a transporter.
 11085 | Gauntlet | Found a transporter.
 11092 | Gauntlet | Found a transporter.
 11105 | Gauntlet | Found a large runed translucent door.
 11106 | Gauntlet | Found a large runed translucent door.
 11108 | Gauntlet | Found a runed translucent gate.
 11109 | Gauntlet | Found a runed translucent gate.
 11110 | Gauntlet | Found a transporter.
 11110 | Gauntlet | Found a runed translucent gate.
 11128 | Gauntlet | Found a large runed translucent door.
 11129 | Gauntlet | Found a large runed translucent door.
 11156 | Gauntlet | Found a transporter.
 11172 | Gauntlet | Found a transporter.
 11263 | Gauntlet | Found a transporter.
 11272 | Gauntlet | Found a transporter.
 11286 | Gauntlet | Found a transporter.
 11508 | Gauntlet | Identified the +1 cloak "Malu" {rElec}
 11535 | Gauntlet | Noticed a minotaur
 11546 | Gauntlet | Killed a minotaur
 11547 | Gauntlet | Reached XP level 13. HP: 84/104 MP: 16/25
 11704 | Lair:2   | Reached skill level 9 in Invocations
 12330 | Lair:2   | Found a staircase to the Snake Pit.
 12842 | Lair:3   | Identified the +11 falchion "Sof Laoff" {protect, *Rage
                  | rElec Int+5}
 12958 | Lair:3   | Found a staircase to the Swamp.
 13917 | Lair:4   | Reached ****** piety under the Shining One
 13941 | Lair:4   | Reached skill level 10 in Axes
 14052 | Lair:4   | Found a staircase to the Slime Pits.
 14742 | Lair:5   | Entered Level 5 of the Lair of Beasts
 14753 | Lair:5   | Reached skill level 10 in Invocations
 14753 | Lair:5   | Reached XP level 14. HP: 102/113 MP: 18/27
 16360 | Lair:5   | Identified the staff of death "Qeyt" {rN+ Str+3 Int+4
                  | Dex+6}
 16870 | Orc:1    | Entered Level 1 of the Orcish Mines
 17510 | Orc:2    | Entered Level 2 of the Orcish Mines
 17578 | Orc:2    | Found a staircase to the Elven Halls.
 17780 | Orc:2    | Reached skill level 10 in Short Blades
 17780 | Orc:2    | Reached skill level 10 in Long Blades
 17780 | Orc:2    | Reached skill level 10 in Maces & Flails
 17780 | Orc:2    | Reached skill level 10 in Polearms
 17780 | Orc:2    | Reached skill level 10 in Staves
 17780 | Orc:2    | Reached skill level 10 in Ranged Weapons
 17780 | Orc:2    | Reached skill level 10 in Throwing
 17780 | Orc:2    | Reached skill level 10 in Dodging
 17780 | Orc:2    | Reached skill level 10 in Stealth
 17780 | Orc:2    | Reached skill level 10 in Unarmed Combat
 17780 | Orc:2    | Reached skill level 10 in Spellcasting
 17780 | Orc:2    | Reached skill level 10 in Evocations
 18054 | Orc:2    | Found Nasise's Book Shoppe.
 18061 | Orc:2    | Reached XP level 15. HP: 120/120 MP: 20/29
 18139 | Orc:2    | Noticed Saint Roka
 18385 | Orc:2    | Reached skill level 11 in Invocations
 18399 | Orc:2    | Killed Saint Roka
 18926 | Orc:2    | Found Heary's Antique Weapon Boutique.
 18931 | Orc:2    | Found Juemuvav's Antique Armour Shop.
 18989 | Orc:2    | Noticed an orc warlord
 19003 | Orc:2    | Killed an orc warlord
 19127 | Orc:2    | Found Furikh's Magic Scroll Shoppe.
 19133 | Orc:2    | Bought a scroll of identify for 34 gold pieces
 19385 | Orc:2    | Bought a pair of glowing boots for 262 gold pieces
 19631 | D:11     | Paralysed by a vampire knight for 4 turns
 20295 | D:11     | Identified the +3 rapier "Nuonueb" {heavy, *Corrode rElec
                  | rPois Dex-4}
 21512 | D:13     | Learned a level 2 spell: Passwall
 21806 | D:13     | Noticed Jorgrun
 21822 | D:13     | Killed Jorgrun
 22837 | D:13     | Identified the +4 kite shield of the Ladybird {rElec Dex+2}
 23053 | Orc:2    | Bought a glowing cloak for 262 gold pieces
 23384 | D:14     | Found a portal to a secret trove of treasure.
 23596 | D:14     | Found a sacrificial altar of Ru.
 23689 | D:14     | Reached XP level 16. HP: 129/129 MP: 21/30
 23693 | D:14     | Identified the +1 ring mail "Diveumn" {Rampage rN++ Dex-5}
 23717 | D:14     | Learned a level 3 spell: Vhi's Electric Charge
 23864 | D:14     | Found a gate to the Vaults.
 23927 | D:14     | Reached skill level 12 in Invocations
 23966 | D:14     | Noticed Rupert
 23981 | D:14     | Killed Rupert
 24182 | D:15     | Entered Level 15 of the Dungeon
 25011 | D:15     | Found a staircase to the Depths.
 25344 | Swamp:1  | Entered Level 1 of the Swamp
 25671 | Swamp:1  | Identified the +0 robe of Intense Life {Rampage rElec rCorr
                  | Dex-3}
 26545 | Swamp:2  | Noticed Frances
 26565 | Swamp:2  | Killed Frances
 27177 | Swamp:3  | Found a runed translucent door.
 27177 | Swamp:3  | Noticed Voejil's ghost (journeyman MiFi)
 27321 | Swamp:3  | Identified the +0 helmet of Terph {rElec Slay+3}
 27327 | Swamp:3  | Learned a level 3 spell: Confusing Touch
 27407 | Swamp:3  | Reached XP level 17. HP: 123/137 MP: 23/32
 27467 | Swamp:3  | Noticed a tentacled monstrosity
 27474 | Swamp:3  | Killed a tentacled monstrosity
 27475 | Swamp:3  | Noticed a tentacled monstrosity
 27482 | Swamp:3  | Killed a tentacled monstrosity
 27483 | Swamp:3  | Reached skill level 10 in Conjurations
 27483 | Swamp:3  | Reached skill level 10 in Hexes
 27483 | Swamp:3  | Reached skill level 10 in Summonings
 27483 | Swamp:3  | Reached skill level 10 in Necromancy
 27483 | Swamp:3  | Reached skill level 10 in Translocations
 27483 | Swamp:3  | Reached skill level 10 in Transmutations
 27483 | Swamp:3  | Reached skill level 10 in Fire Magic
 27483 | Swamp:3  | Reached skill level 10 in Ice Magic
 27483 | Swamp:3  | Reached skill level 10 in Air Magic
 27483 | Swamp:3  | Reached skill level 10 in Earth Magic
 27483 | Swamp:3  | Reached skill level 10 in Poison Magic
 27733 | Swamp:3  | Identified the +11 flail of the Toadstool {heavy, rElec
                  | rPois rF+}
 27896 | Swamp:3  | Reached skill level 13 in Invocations
 28972 | Swamp:4  | Entered Level 4 of the Swamp
 28974 | Swamp:4  | Found a transporter.
 29616 | Swamp:4  | Found a transporter.
 30115 | Swamp:4  | Noticed Bipt's ghost (adept TrDe)
 30584 | Swamp:4  | Got a decaying rune of Zot
 30824 | Swamp:4  | Identified the amulet of the Genius {Acrobat Int+6}
 30826 | Swamp:4  | Identified the ring "Astrea" {Fire rCorr Int+3}
 30995 | Snake:1  | Entered Level 1 of the Snake Pit
 31308 | Snake:1  | Found Nyhyme's CLEARANCE SALE!.
 31820 | Snake:2  | Reached XP level 18. HP: 145/146 MP: 25/34
 32253 | Snake:2  | Noticed Asterion
 32263 | Snake:2  | Killed Asterion
 33282 | Snake:3  | Noticed Mlioglotl
 33322 | Snake:3  | Killed Mlioglotl
 34093 | Snake:4  | Entered Level 4 of the Snake Pit
 34269 | Snake:4  | Reached skill level 14 in Invocations
 35647 | Snake:4  | Noticed Kirke
 35821 | Snake:3  | Killed Kirke
 36047 | Snake:4  | Found Bauzxuy's Jewellery Emporium.
 36047 | Snake:4  | Found Tirghez's Book Boutique.
 36048 | Snake:4  | Found Nuzer's Book Boutique.
 36412 | Snake:4  | Reached XP level 19. HP: 153/153 MP: 27/36
 36597 | Snake:4  | Noticed Vashnia
 36919 | Snake:4  | Killed Vashnia
 37489 | Snake:4  | Got a serpentine rune of Zot
 37504 | Snake:4  | Learned a level 3 spell: Summon Guardian Golem
 37689 | Vaults:1 | Entered Level 1 of the Vaults
 37748 | Vaults:1 | Found a crumbling gateway.
 37827 | Desolati | Entered the Desolation of Salt
 38367 | Desolati | Reached skill level 15 in Fighting
 38367 | Desolati | Reached skill level 15 in Armour
 38367 | Desolati | Reached skill level 15 in Shields
 38550 | Desolati | Got Mekhliro's Codex of Malediction and Sculpting
 38657 | Desolati | Identified the amulet "Ufrainio" {Acrobat Drain Fly rF+ rC+
                  | Str+4}
 38677 | Desolati | Identified the staff of poison "Amew" {Fragile rElec rPois
                  | rCorr Int+4}
 38959 | Desolati | Got Sif Muna's Teachings on Dislocated Changes
 38965 | Desolati | Learned a level 4 spell: Passage of Golubria
 39701 | Vaults:1 | Reached skill level 15 in Invocations
 40160 | Vaults:1 | Reached XP level 20. HP: 150/162 MP: 28/37
 41050 | Vaults:1 | Found Ufuipran's Antique Armour Shoppe.
 41451 | Vaults:2 | Found Pogisa's Distillery.
 41459 | Vaults:2 | Bought a potion of resistance for 140 gold pieces
 41459 | Vaults:2 | Bought a potion of haste for 140 gold pieces
 41459 | Vaults:2 | Bought 2 potions of heal wounds for 140 gold pieces
 41899 | Vaults:2 | Found Biduv's Magic Scroll Shoppe.
 41903 | Vaults:2 | Found Kubboha's Antique Armour Shoppe.
 41904 | Vaults:2 | Noticed Jory
 41915 | Vaults:2 | Killed Jory
 41919 | Vaults:2 | Bought a scroll of blinking for 142 gold pieces
 42305 | Vaults:2 | Noticed Zenata
 42317 | Vaults:2 | Killed Zenata
 42491 | Vaults:2 | Reached skill level 15 in Axes
 43009 | Vaults:2 | Found Qatedgh's Book Shop.
 43011 | Vaults:2 | Found Zeijill's Armour Shop.
 43731 | Vaults:3 | Noticed Aizul
 43736 | Vaults:3 | Killed Aizul
 43803 | Vaults:3 | Found Zoggysio's General Store.
 43873 | Vaults:3 | Noticed Mara
 43877 | Vaults:3 | Noticed juan097's illusion
 43877 | Vaults:3 | Killed Mara
 43878 | Vaults:3 | Reached XP level 21. HP: 170/170 MP: 25/39
 44619 | Vaults:3 | Reached skill level 16 in Invocations
 44661 | Vaults:3 | Found a staircase to the Crypt.
 46027 | Vaults:4 | Reached skill level 15 in Short Blades
 46027 | Vaults:4 | Reached skill level 15 in Long Blades
 46027 | Vaults:4 | Reached skill level 15 in Maces & Flails
 46027 | Vaults:4 | Reached skill level 15 in Polearms
 46027 | Vaults:4 | Reached skill level 15 in Staves
 46027 | Vaults:4 | Reached skill level 15 in Ranged Weapons
 46027 | Vaults:4 | Reached skill level 15 in Throwing
 46027 | Vaults:4 | Reached skill level 15 in Dodging
 46027 | Vaults:4 | Reached skill level 15 in Stealth
 46027 | Vaults:4 | Reached skill level 15 in Unarmed Combat
 46027 | Vaults:4 | Reached skill level 15 in Spellcasting
 46027 | Vaults:4 | Reached skill level 15 in Evocations
 46027 | Vaults:4 | Paralysed by a great orb of eyes for 2 turns
 46463 | Vaults:4 | Noticed a dread lich
 46470 | Vaults:4 | Killed a dread lich
 47212 | Depths:1 | Entered Level 1 of the Depths
 47392 | Depths:1 | Found a gateway to Hell.
 47426 | Depths:1 | Found a one-way gate leading to the halls of Pandemonium.
 47433 | Depths:1 | Found Cogeyvos's Weapon Shoppe.
 47482 | Depths:1 | Found a hide-covered altar of Uskayaw.
 47708 | Depths:1 | Reached XP level 22. HP: 167/179 MP: 32/41
 48126 | Depths:1 | Found a one-way gate to the infinite horrors of the Abyss.
 48590 | Depths:1 | Found Ofikh's Mass Market.
 48845 | Depths:2 | Paralysed by a floating eye for 4 turns
 49105 | Depths:2 | You are sucked into a shaft and drop 2 floors!
 49105 | Depths:4 | Entered Level 4 of the Depths
 49180 | Depths:4 | Noticed a golden dragon
 49201 | Depths:4 | Killed a golden dragon
 49307 | Depths:4 | Reached skill level 17 in Invocations
 50315 | Depths:3 | Got Sif Muna's Secrets of Mustering and the Fairies
 50329 | Depths:3 | Learned a level 5 spell: Yara's Violent Unravelling
 50335 | Depths:3 | Learned a level 5 spell: Summon Mana Viper
 50362 | Depths:3 | Reached XP level 23. HP: 187/187 MP: 33/42
 51047 | Depths:2 | Identified the +6 sling "Dotucoo" {elec, Str+6}
 52088 | Depths:3 | Found a one-way gateway to a ziggurat.
 52507 | Depths:4 | Noticed a caustic shrike
 52507 | Depths:4 | Noticed a caustic shrike
 52507 | Depths:4 | Noticed a caustic shrike
 52507 | Depths:4 | Noticed a caustic shrike
 52508 | Depths:4 | Noticed a caustic shrike
 52513 | Depths:4 | Killed a caustic shrike
 52513 | Depths:4 | Killed a caustic shrike
 52513 | Depths:4 | Killed a caustic shrike
 52513 | Depths:4 | Killed a caustic shrike
 52513 | Depths:4 | Killed a caustic shrike
 52609 | Depths:4 | Found a glowing silver altar of Zin.
 53276 | Depths:4 | Noticed a golden dragon
 53290 | Depths:4 | Killed a golden dragon
 53730 | Depths:4 | Found a gate to the Realm of Zot.
 54204 | Vaults:3 | Bought a scroll of brand weapon for 123 gold pieces
 54204 | Vaults:3 | Bought 3 silver javelins for 351 gold pieces
 54867 | Vaults:5 | Entered Level 5 of the Vaults
 54984 | Vaults:4 | Reached skill level 18 in Invocations
 54984 | Vaults:4 | Reached XP level 24. HP: 188/197 MP: 34/43
 55888 | Vaults:5 | Noticed a dread lich
 55953 | Vaults:4 | Killed a dread lich
 56901 | Vaults:5 | Identified a scroll of acquirement
 57231 | Vaults:5 | Noticed a dread lich
 57307 | Vaults:5 | Paralysed by a dread lich for 3 turns
 57859 | Vaults:5 | Got a silver rune of Zot
 58168 | Vaults:5 | Found Xopujat's Magic Scroll Shoppe.
 58176 | Vaults:5 | Bought a scroll of blinking for 97 gold pieces
 58216 | Vaults:5 | Found Kikah's Magic Scroll Shop.
 58216 | Vaults:5 | Found Annemy Elas's Magic Scroll Emporium.
 58221 | Vaults:5 | Bought a scroll of blinking for 90 gold pieces
 58228 | Vaults:5 | Bought a scroll of blinking for 127 gold pieces
 58256 | Vaults:5 | Found Isiosk's Magic Scroll Shoppe.
 58256 | Vaults:5 | Found Ogyalos's Distillery.
 58261 | Vaults:5 | Bought a scroll of fog for 56 gold pieces
 58267 | Vaults:5 | Found Laer's Magic Scroll Emporium.
 58268 | Vaults:5 | Bought a potion of haste for 190 gold pieces
 58268 | Vaults:5 | Bought a potion of heal wounds for 95 gold pieces
 58311 | Vaults:5 | Found Atuyrixkoub's Antique Armour Boutique.
 58317 | Vaults:5 | Bought a pair of jewelled gloves for 408 gold pieces
 58317 | Vaults:5 | Identified the +0 pair of gloves "Gej Beq Ceu" {-Cast rElec
                  | rC+ Regen+} (You bought it in a shop on level 5 of the
                  | Vaults)
 58322 | Vaults:5 | Found Meaphuoh's Antique Armour Shoppe.
 58370 | Vaults:5 | Killed a dread lich
 58574 | Vaults:5 | Acquired 756 gold pieces
 58608 | Vaults:5 | Bought a scroll of enchant armour for 90 gold pieces
 58810 | D:14     | You paid a toll of +5 ice dragon scales to enter a treasure
                  | trove
 58811 | Trove    | Entered a treasure trove
 58813 | Trove    | Identified the ring of Xomiaget {rF+ Int+4}
 58815 | Trove    | Identified the ring of Equivalence {rC+ Str+6 Int+3}
 58817 | Trove    | Identified the ring of Myczykk {Fly Str-2 Int-2 Dex+6 SInv}
 58819 | Trove    | Identified the amulet of Lodd {Regen+ Int+4}
 58824 | Trove    | Identified the ring "Zudok" {rPois Str+2 Int+6 Stlth-}
 58826 | Trove    | Identified the ring "Boall" {Wiz rF+}
 58830 | Trove    | Identified the amulet "Owet" {Acrobat rN+ MP+9 Int+2}
 58836 | Trove    | Identified the amulet "Qefycask" {Spirit rCorr}
 58844 | Trove    | Identified the ring of Asismuwk {rCorr Str+4 Int+3}
 59087 | Elf:1    | Entered Level 1 of the Elven Halls
 59301 | Elf:1    | Reached XP level 25. HP: 186/204 MP: 26/44
 59523 | Elf:1    | Noticed Azrael
 59550 | Elf:1    | Killed Azrael
 59773 | Elf:1    | Identified the +7 bardiche of Expedience {spect, rC+ Str-5
                  | Dex+3}
 59938 | Elf:1    | Paralysed by an air elemental for 1 turns
 60446 | Elf:2    | Found a runed translucent gate.
 60447 | Elf:2    | Found a runed translucent gate.
 60447 | Elf:2    | Found a runed translucent gate.
 60965 | Elf:2    | Noticed Agnes
 60974 | Elf:2    | Killed Agnes
 60982 | Elf:2    | Reached skill level 19 in Invocations
 61374 | Elf:3    | Entered Level 3 of the Elven Halls
 61425 | Elf:3    | Reached skill level 15 in Conjurations
 61425 | Elf:3    | Reached skill level 15 in Hexes
 61425 | Elf:3    | Reached skill level 15 in Summonings
 61425 | Elf:3    | Reached skill level 15 in Necromancy
 61425 | Elf:3    | Reached skill level 15 in Translocations
 61425 | Elf:3    | Reached skill level 15 in Transmutations
 61425 | Elf:3    | Reached skill level 15 in Fire Magic
 61425 | Elf:3    | Reached skill level 15 in Ice Magic
 61425 | Elf:3    | Reached skill level 15 in Air Magic
 61425 | Elf:3    | Reached skill level 15 in Earth Magic
 61425 | Elf:3    | Reached skill level 15 in Poison Magic
 61959 | Elf:3    | Identified the +1 leather armour of Defiance {-Tele rC++
                  | Regen+ MP+9}
 62200 | Elf:3    | Identified the ring "Heisocko" {Ice rPois Str-4 SInv
                  | Stlth+}
 62201 | Elf:3    | Identified the +4 falchion of Himuno {venom, Contam rC+
                  | rCorr Str+3}
 62342 | Elf:3    | Identified the +2 falchion "Ucuothrat" {heavy, Str+2}
 62356 | Elf:3    | Got the Tome of Maleficent Ceremonies and Lithomancy
 62365 | Elf:3    | Got the Atlas of the Immovable Leylines
 62387 | Elf:3    | Identified the +0 longbow of Valuable Assets {heavy, rElec}
 62409 | Elf:3    | Identified the staff of earth "Osest" {Drain Str-5 Dex+8
                  | Stlth+}
 62789 | Elf:3    | Identified the +1 pair of gloves of Untruth {Will+ Int+2}
 62789 | Elf:3    | Noticed Nikola
 62797 | Elf:3    | Killed Nikola
 63362 | Vaults:5 | Bought a scroll of enchant armour for 97 gold pieces
 63362 | Vaults:5 | Bought a scroll of brand weapon for 123 gold pieces
 63549 | Vaults:1 | Bought smoking fire dragon scales for 2210 gold pieces
 63549 | Vaults:1 | Identified the +3 fire dragon scales "Xemicew" {rF++ rC-
                  | Dex+2} (You bought it in a shop on level 1 of the Vaults)
 63749 | Vaults:5 | Bought a scroll of enchant weapon for 105 gold pieces
 63749 | Vaults:5 | Bought a scroll of enchant armour for 105 gold pieces
 63763 | Vaults:5 | Bought a scroll of enchant armour for 105 gold pieces
 64038 | Orc:2    | Bought a scroll of poison for 68 gold pieces
 64038 | Orc:2    | Bought a scroll of fog for 68 gold pieces
 64038 | Orc:2    | Bought a scroll of enchant armour for 127 gold pieces
 64400 | Zot:1    | Entered Level 1 of the Realm of Zot
 64551 | Zot:1    | Noticed an orb of fire
 64648 | Zot:1    | Found Mofa's Changing Room.
 64983 | Zot:1    | Reached XP level 26. HP: 213/213 MP: 35/44
 67384 | Zot:3    | Noticed a Killer Klown
 67394 | Zot:3    | Noticed a Killer Klown
 67414 | Zot:3    | Noticed a Killer Klown
 67418 | Zot:3    | Killed a Killer Klown
 67427 | Zot:3    | Killed a Killer Klown
 67444 | Zot:3    | Noticed a dread lich
 67446 | Zot:3    | Killed a Killer Klown
 67665 | Zot:3    | Killed a dread lich
 67877 | Zot:3    | Identified the +3 giant spiked club "Wyochez" {elec, rN+++
                  | Will- rCorr Str-5}
 67932 | Zot:3    | Learned a level 3 spell: Ignite Poison
 68443 | Zot:3    | Reached skill level 20 in Invocations
 68808 | Zot:4    | Found a transporter.
 68810 | Zot:4    | Found a transporter.
 68938 | Zot:4    | Found a transporter.
 69168 | Zot:4    | Found a transporter.
 69205 | Zot:4    | Reached XP level 27. HP: 206/222 MP: 36/45
 69408 | Zot:4    | Noticed an orb of fire
 69421 | Zot:4    | Gained mutation: Armour fits poorly on your strangely
                  | shaped body. [an orb of fire]
 69422 | Zot:4    | Killed an orb of fire
 69542 | Zot:4    | Got the Octavo of Hyperborean Power
 69872 | Zot:5    | Entered Level 5 of the Realm of Zot
 69941 | Zot:5    | Noticed a dread lich
 69944 | Zot:5    | Noticed a dread lich
 69947 | Zot:5    | Noticed an orb of fire
 69948 | Zot:5    | Noticed an orb of fire
 69953 | Zot:4    | Gained mutation: You are vulnerable to heat. (rF-) [an orb
                  | of fire]
 70126 | Zot:4    | Killed a dread lich
 70132 | Zot:4    | Killed an orb of fire
 70348 | Zot:5    | Noticed an ancient lich
 70351 | Zot:5    | Killed a dread lich
 70363 | Zot:5    | Killed an ancient lich
 70372 | Zot:5    | Killed an orb of fire
 70544 | Zot:5    | Noticed an orb of fire
 70548 | Zot:5    | Gained mutation: You occasionally shout uncontrollably at
                  | your foes. [an orb of fire]
 70556 | Zot:5    | Killed an orb of fire
 70674 | Zot:5    | Noticed an orb of fire
 70677 | Zot:5    | Gained mutation: You are weak. (Str -2) [an orb of fire]
 70678 | Zot:5    | Gained mutation: Your magical capacity is low. (-10% MP)
                  | [an orb of fire]
 70682 | Zot:5    | Gained mutation: You are frail. (-10% HP) [an orb of fire]
 70693 | Zot:5    | Killed an orb of fire
 71096 | Zot:4    | Lost mutation: You are weak. (Str -2) [potion of mutation]
 71096 | Zot:4    | Lost mutation: You are vulnerable to heat. (rF-) [potion of
                  | mutation]
 71096 | Zot:4    | Lost mutation: Armour fits poorly on your strangely shaped
                  | body. [potion of mutation]
 71096 | Zot:4    | Gained mutation: You are dopey. (Int -2) [potion of
                  | mutation]
 71096 | Zot:4    | Gained mutation: Your magical capacity is very low. (-20%
                  | MP) [potion of mutation]
 71860 | Zot:5    | Lost mutation: You are dopey. (Int -2) [potion of mutation]
 71860 | Zot:5    | Lost mutation: Your magical capacity is very low. (-20% MP)
                  | [potion of mutation]
 71860 | Zot:5    | Lost mutation: You are frail. (-10% HP) [potion of
                  | mutation]
 71860 | Zot:5    | Gained mutation: You possess an exceptional clarity of
                  | mind. [potion of mutation]
 72307 | Zot:5    | Noticed an ancient lich
 72310 | Zot:5    | Noticed an orb of fire
 72311 | Zot:5    | Noticed a dread lich
 72318 | Zot:5    | Killed an orb of fire
 72323 | Zot:5    | Killed an ancient lich
 72326 | Zot:5    | Killed a dread lich
 73051 | Zot:5    | Got the Orb of Zot
 73056 | Zot:5    | Noticed Dunovoegg the pandemonium lord
 73056 | Zot:5    | Noticed an ancient lich
 73064 | Zot:5    | Killed Dunovoegg the pandemonium lord
 73068 | Zot:5    | Killed an ancient lich
 73297 | Depths:3 | Noticed Nyax the pandemonium lord
 73355 | Depths:1 | Reached skill level 21 in Invocations
 73357 | Depths:1 | Noticed Visama the pandemonium lord
 73371 | Depths:1 | Killed Visama the pandemonium lord
 73783 | D:$      | Escaped with the Orb!

Illustrated notes

Levels and vault maps discovered:
D:1:      nicolae_arrival_washed_ashore, layout_loops_ring, serial_shops,
          nicolae_shop_hallway_stairs
D:2:      layout_basic, dk_noncrumbling_3, corexii_shack
D:3:      layout_loops_corners, grunt_temple_overflow_open,
          nicolae_overflow_ecumenical_swirl, shapermc_ecumenical_altar_venn
D:4:      layout_rooms, overflow_temple_1_default
D:5:      gammafunk_steamed_eel, layout_cave_pods, kennysheep_generic_room_8,
          uniq_crazy_yiuf_cottage, uniq_duvessa, uniq_prince_ribbit1
D:6:      layout_loops_cross, grunt_gozag_breadcrumbs
D:7:      layout_cave_pools, serial_shops, shop
D:8:      layout_loops_ring, kennysheep_crisscross, uniq_erica, uniq_maggie
D:9:      layout_loops_ring, erik_orc_3, evilmike_butchery
D:10:     layout_long_grid, grunt_lair_entry_orc_guard_hut, enter_bailey_3,
          hangedman_abyss_or_decor_passed, chequers_serial_rivers_micro_c,
          eino_tiny_chamber, minmay_holes, uniq_josephine, uniq_nergalle,
          uniq_gastronok
D:11:     layout_basic, kennysheep_just_a_vault
D:12:     layout_roguey, serial_glass, glass_columns_c, glass_columns_c
D:13:     minmay_concentric_multi, layout_stronghold, minmay_gold_behind_fungi,
          uniq_jorgrun
D:14:     layout_long_grid, david_vaults_3, nicolae_lava_and_water,
          nicolae_trove_entry_isolated, nicolae_ru_sacrificial_ziggurat
D:15:     gammafunk_enter_depths_forms, layout_irregular_city,
          minmay_misc_feat_chi, chequers_serial_rivers_micro_b
Lair:1:   layout_small_grid, nicolae_quartered_pool_impasse,
          chequers_serial_rivers_room_b, minmay_hedge_maze, uniq_amaemon,
          uniq_urug
Lair:2:   layout_loops_ring, minmay_snake_entry_guardpost_medium,
          gauntlet_entry_generic, amcnicky_mini_pool_medium
Lair:3:   layout_loops_ring, skrybe_swamp_entry_bodies
Lair:4:   layout_concentric_octagons, nicolae_slime_entry_slimehenge,
          cheibrodos_lair_reptile_den
Lair:5:   evilmike_catoblepas_cave, layout_cave_pods, patterned_corridor,
          grunt_megastairs_5
Swamp:1:  layout_basic_swamp, evilmike_swamp_ruin_house_1
Swamp:2:  layout_falls_marsh, evilmike_swamp_ruin_rubble_2, uniq_frances
Swamp:3:  nzn_winding_woodlands_three_and_one
          [nzn_winding_woodlands_5x15_pockets,
          nzn_winding_woodlands_5x15_garden,
          nzn_winding_woodlands_5x15_lazy_stream,
          nzn_winding_woodlands_center_garden], layout_basic_swamp,
          hellmonk_ghost_happy_afterlife, evilmike_swamp_ruin_house_3,
          swamp_pool1, infiniplex_staircase_pool
Swamp:4:  swamp_icy, layout_basic_swamp, gammafunk_ghost_berserking_beasts
Snake:1:  layout_concentric_octagons, grunt_ministairs_2,
          nicolae_shop_clearance, serial_bayou_shore_a
Snake:2:  layout_layer_cave, uniq_asterion
Snake:3:  layout_cave_town, uniq_mlioglotl
Snake:4:  johnstein_snake_rune_scales, layout_cave_town, minmay_shop_grove,
          uniq_kirke
Orc:1:    layout_diamond_mine, basic_altar
Orc:2:    grunt_orc_community_town_hall, layout_caves,
          grunt_orc_community_big_house_2, grunt_orc_community_big_house_2,
          grunt_orc_community_house_3, grunt_orc_community_house_1,
          grunt_orc_community_house_3, grunt_orc_community_house_1,
          grunt_orc_community_house_1, minmay_orc_barracks
Elf:1:    layout_geoelf_octagon, hangedman_elven_crosses_minicolossus,
          nicolae_elf_w_pinch, grunt_megastairs_2, uniq_azrael
Elf:2:    nicolae_elf_blades_crystal_corner, layout_loops_ring, uniq_agnes
Elf:3:    minmay_elf_hall_furrowed, layout_onion_city, uniq_nikola
Vaults:1: portal_desolation_entry_nicolae_nacl, nicolae_vaults_little_squares_1,
          st_hourglassy, hangedman_vaults_nails, grunt_vaults_hallway_long,
          v_misc_29, hangedman_vaults_hat, nicolae_vaults_hallways_thing,
          vaults_room_door_hall, vaults_dpeg_encased_lava,
          nicolae_vaults_puzzle_piece, layout_vaults_ring, serial_shops, shop
Vaults:2: v_misc_2, nicolae_vaults_specimen_jars, v_rooms_2, vaults_dpeg_ring,
          nicolae_vaults_network_star, layout_vaults_omnigrid, serial_shops,
          nicolae_shop_temple_entry_statues_fountains, nicolae_shop_stone, shop,
          shop, shop, uniq_jory, uniq_zenata
Vaults:3: v_misc_15, minmay_crypt_entry_simple_statues,
          nicolae_vaults_ring_of_whatevers, vaults_room_fancy_cross,
          nicolae_vaults_fighting_squares, ontoclasm_vaults_hangar,
          vaults_dpeg_hooks, layout_vaults_chaotic_city, serial_shops,
          nicolae_shop_advertising_works [nicolae_subvault_shop_adworks],
          uniq_mara, uniq_aizul
Vaults:4: dpeg_vaults_pockets_of_resistance, nicolae_vaults_disjoint_gnomons,
          hangedman_vaults_corner, nicolae_vaults_triangles, v_misc_26,
          ontoclasm_vaults_eye, v_misc_11, vaults_room_grid, vaults_dpeg_spiral,
          vaults_room_hallway, v_misc_19, vaults_mumra_lcd, grunt_vaults_focal,
          layout_vaults_omnibox
Vaults:5: serial_shops
Depths:1: layout_gridville, abyss_entry, minmay_misc_feat_diagonals,
          serial_shops, nicolae_shop_stone, pan_entry, lightli_too_deep,
          minmay_shop_mass, nicolae_uskayaw_en_pointe, serial_bayou_shore_b,
          grunt_megastairs_4
Depths:2: evilmike_marble_ring, layout_cave_pools,
          nicolae_elevator_lobby_asterisk, rand_demon_pan_entry_3,
          grunt_hell_entry_dis_grunt, infiniplex_staircase_pool_2
Depths:3: dreamdust_tengu_aerie, layout_gridlike, enter_ziggurat_f,
          hangedman_coc_ice_floe, pan_entry, serial_sigils_hangedman_quiver,
          hangedman_abyss_entry_splay, minmay_misc_feat_nine_boxes
Depths:4: grunt_zot_entry_gee_three, layout_basic, hell_entry,
          solitary_fountain, zin_scriptorium
Zot:1:    layout_gridlike, nicolae_transmutations_shop, grunt_megastairs_3
Zot:2:    layout_twisted_circle
Zot:3:    ebering_klown_carousel, layout_onion_interference
Zot:4:    layout_gridlike, nicolae_diode_quadrants
Zot:5:    layout_misc_corridors

Skill      XL: |  1  2  3  4  5  6  7  8  9 10 11 12 13 14 15 16 17 18 19 20 21 22 23 24 25 26 27 |
---------------+----------------------------------------------------------------------------------+-----
Invocations    | 1 2 3 4 5 6 7 8 10 11 12 13 14 15 16 17 18 19 20 21 | 21.0
Short Blades   | 1 2 3 5 6 7 8 9 10 11 12 13 14 15 16 17 18 19 | 19.4
Long Blades    | 1 2 3 5 6 7 8 9 10 11 12 13 14 15 16 17 18 19 | 19.4
Maces & Flails | 1 2 3 5 6 7 8 9 10 11 12 13 14 15 16 17 18 19 | 19.4
Polearms       | 1 2 3 5 6 7 8 9 10 11 12 13 14 15 16 17 18 19 | 19.4
Staves         | 1 2 3 5 6 7 8 9 10 11 12 13 14 15 16 17 18 19 | 19.4
Ranged Weapons | 1 2 3 5 6 7 8 9 10 11 12 13 14 15 16 17 18 19 | 19.4
Throwing       | 1 2 3 5 6 7 8 9 10 11 12 13 14 15 16 17 18 19 | 19.4
Dodging        | 1 2 3 5 6 7 8 9 10 11 12 13 14 15 16 17 18 19 | 19.4
Stealth        | 1 2 3 5 6 7 8 9 10 11 12 13 14 15 16 17 18 19 | 19.4
Unarmed Combat | 1 2 3 5 6 7 8 9 10 11 12 13 14 15 16 17 18 19 | 19.4
Spellcasting   | 1 2 3 5 6 7 8 9 10 11 12 13 14 15 16 17 18 19 | 19.4
Evocations     | 1 2 3 5 6 7 8 9 10 11 12 13 14 15 16 17 18 19 | 19.4
Conjurations   | 1 2 3 4 5 6 7 8 9 10 11 12 13 14 15 16 | 16.6
Hexes          | 1 2 3 4 5 6 7 8 9 10 11 12 13 14 15 16 | 16.6
Summonings     | 1 2 3 4 5 6 7 8 9 10 11 12 13 14 15 16 | 16.6
Necromancy     | 1 2 3 4 5 6 7 8 9 10 11 12 13 14 15 16 | 16.6
Translocations | 1 2 3 4 5 6 7 8 9 10 11 12 13 14 15 16 | 16.6
Transmutations | 1 2 3 4 5 6 7 8 9 10 11 12 13 14 15 16 | 16.6
Fire Magic     | 1 2 3 4 5 6 7 8 9 10 11 12 13 14 15 16 | 16.6
Ice Magic      | 1 2 3 4 5 6 7 8 9 10 11 12 13 14 15 16 | 16.6
Air Magic      | 1 2 3 4 5 6 7 8 9 10 11 12 13 14 15 16 | 16.6
Earth Magic    | 1 2 3 4 5 6 7 8 9 10 11 12 13 14 15 16 | 16.6
Poison Magic   | 1 2 3 4 5 6 7 8 9 10 11 12 13 14 15 16 | 16.6
Axes           | 5 6 7 8 9 10 11 12 13 14 15 16 17 18 19 | 19.9
Fighting       | 7 8 9 10 11 12 13 14 15 16 17 18 19 20 | 20.3
Armour         | 7 8 9 10 11 12 13 14 15 16 17 18 19 20 | 20.3
Shields        | 7 8 9 10 11 12 13 14 15 16 17 18 19 20 | 20.3

Action                     |  1- 3 |  4- 6 |  7- 9 | 10-12 | 13-15 | 16-18 | 19-21 | 22-24 | 25-27 || total
---------------------------+-------+-------+-------+-------+-------+-------+-------+-------+-------++-------
  Melee: War axe           |    71 |    80 |    58 |    34 |    12 |    42 |       |       |       ||   297
         Bite              |     6 |     8 |    20 |   101 |   140 |   144 |   135 |   164 |   215 ||   933
         Flail             |       |       |   105 |   500 |   733 |   520 |   731 |   705 |   245 ||  3539
         Morningstar       |       |       |       |     3 |    61 |   233 |       |       |       ||   297
         Broad axe         |       |       |       |       |       |       |       |   145 |    21 ||   166
         Eveningstar       |       |       |       |       |       |       |       |       |   742 ||   742
   Fire: Sling             |    16 |    72 |    59 |    56 |   454 |   554 |   208 |   128 |    13 ||  1560
  Throw: Dart              |       |       |     2 |     9 |     5 |     9 |     3 |     2 |     2 ||    32
         Throwing net      |       |       |       |     1 |     5 |     2 |     3 |       |     3 ||    14
         Boomerang         |       |       |       |     1 |     5 |     9 |    49 |   145 |   257 ||   466
         Javelin           |       |       |       |       |       |       |     4 |       |    81 ||    85
   Cast: Vhi's Electric Ch |       |       |       |       |       |     4 |    68 |    72 |    86 ||   230
         Passwall          |       |       |       |       |       |       |     1 |       |       ||     1
         Yara's Violent Un |       |       |       |       |       |       |       |     1 |    20 ||    21
         Summon Mana Viper |       |       |       |       |       |       |       |       |     1 ||     1
         Ignite Poison     |       |       |       |       |       |       |       |       |     2 ||     2
 Invoke: Divine Shield     |       |       |     1 |     1 |       |       |     3 |       |       ||     5
         Cleansing Flame   |       |       |       |       |       |     1 |     5 |     5 |     4 ||    15
         Summon Divine War |       |       |       |       |       |       |     3 |       |       ||     3
  Evoke: Wand              |       |       |       |     2 |     3 |    15 |     9 |     6 |     4 ||    39
         Condenser vane    |       |       |       |     1 |     1 |     6 |     4 |     6 |     3 ||    21
         Phial of floods   |       |       |       |       |     1 |     4 |     1 |     1 |     2 ||     9
         Phantom mirror    |       |       |       |       |       |       |     2 |       |       ||     2
         Tin of tremorston |       |       |       |       |       |       |       |     2 |     5 ||     7
    Use: Potion            |       |       |     2 |     3 |     4 |     1 |     6 |     3 |    13 ||    32
         Scroll            |       |       |    13 |     4 |    16 |     7 |     7 |    10 |    19 ||    76
 Armour: Scale mail        |    39 |    29 |       |       |       |       |       |       |       ||    68
         Chain mail        |       |    24 |    60 |    52 |   340 |   213 |   267 |   402 |   115 ||  1473
         Swamp dragon scal |       |       |       |   152 |       |    98 |       |       |       ||   250
         Gold dragon scale |       |       |       |       |       |       |       |       |   246 ||   246
  Dodge: Dodged            |    35 |    36 |    37 |   258 |   285 |   346 |   303 |   425 |   406 ||  2131
  Block: Buckler           |    21 |    30 |    74 |   382 |   458 |       |       |       |       ||   965
         Reflection        |       |       |     3 |     7 |    25 |    93 |    25 |       |       ||   153
         Kite shield       |       |       |       |       |    31 |  1054 |   660 |   766 |   747 ||  3258
         Other             |       |       |       |       |       |     1 |       |       |       ||     1

Table legend: (Time is in decaauts)
 A = Elapsed time spent in this place.
 B = Non-inter-level travel time spent in this place.
 C = Inter-level travel time spent in this place.
 D = Time resting spent in this place.
 E = Time spent auto-exploring this place.
 F = Levels seen in this place.
 G = Mean time per level.
                   A        B        C        D        E       F      G
               +--------+--------+--------+--------+--------+-----+--------+
         Total |  74159 |  66000 |   8159 |   3184 |  46886 |  51 | 1454.1 |
       Dungeon |  16610 |  14211 |   2399 |    209 |  10651 |  15 | 1107.3 |
          Lair |   6768 |   6293 |    475 |    206 |   4209 |   5 | 1353.6 |
         Swamp |   5797 |   5474 |    323 |    566 |   3665 |   4 | 1449.2 |
     Snake Pit |   6638 |   6482 |    156 |   1235 |   3727 |   4 | 1659.5 |
  Orcish Mines |   3127 |   2297 |    830 |    157 |   1425 |   2 | 1563.5 |
   Elven Halls |   3978 |   3773 |    205 |    123 |   2853 |   3 | 1326.0 |
        Vaults |  12845 |  11191 |   1654 |    276 |   8693 |   5 | 2569.0 |
        Depths |   7826 |   6632 |   1194 |     84 |   5149 |   4 | 1956.5 |
           Zot |   7772 |   6853 |    919 |    260 |   4880 |   5 | 1554.4 |
         Trove |     63 |     63 |      0 |      0 |      0 |   1 |   63.0 |
        Bailey |    740 |    740 |      0 |      0 |    351 |   1 |  740.0 |
    Desolation |   1344 |   1344 |      0 |     67 |    882 |   1 | 1344.0 |
      Gauntlet |    646 |    646 |      0 |      0 |    398 |   1 |  646.0 |
               +--------+--------+--------+--------+--------+-----+--------+

Top non-repeatable levels by time:
Vaults:4: 4278 daAuts
Vaults:3: 2575 daAuts
Depths:4: 2440 daAuts
 Snake:3: 2282 daAuts
Vaults:2: 2197 daAuts
 Snake:4: 2153 daAuts
Vaults:1: 2148 daAuts
 Swamp:3: 2118 daAuts
Depths:1: 2099 daAuts
   Zot:5: 1961 daAuts
   Orc:2: 1938 daAuts
    D:13: 1856 daAuts
  Lair:5: 1809 daAuts
Depths:3: 1734 daAuts
 Swamp:4: 1699 daAuts
